 Dungeon Crawl Stone Soup version 0.23-a0-33-g1e3a2e4e2f (webtiles) character file.

5 Rrauwl the Skirmisher (level 1, -2/34 HPs)
             Began as a Gnoll Abyssal Knight on Aug 5, 2018.
             Was a Follower of Lugonu.
             Killed from afar by an efreet (36 damage)
             ... with a bolt of fire
             ... on level 1 of the Abyss.
             The game lasted 00:01:07 (163 turns).

Rrauwl the Skirmisher (Gnoll Abyssal Knight)         Turns: 163, Time: 00:01:07

Health: -2/34      AC:  7    Str: 19    XL:     1   Next: 80%
Magic:  3/3        EV: 11    Int: 14    God:    Lugonu [*.....]
Gold:   9          SH:  0    Dex: 14    Spells: 0/0 levels left

rFire    . . .     SeeInvis .   a - +1 falchion
rCold    . . .     Gourm    .   (no shield)
rNeg     . . .     Faith    .   e - +0 scale mail
rPois    .         Spirit   .   (no helmet)
rElec    .         Reflect  .   (no cloak)
rCorr    .         Harm     .   (no gloves)
MR       .....                  (no boots)
Stlth    ..........             (no amulet)
HPRegen  0.11/turn              (no ring)
MPRegen  0.08/turn              (no ring)

@: berserking, very quick
A: distributed training, fangs 1, strong nose
a: Depart the Abyss, Renounce Religion


You were on level 1 of the Abyss.
You worshipped Lugonu.
Lugonu was aware of your devotion.
You were not hungry.

You visited 0 branches of the dungeon, and saw 0 of its levels.
You visited the Abyss 1 time.

You collected 9 gold pieces.

Inventory:

Hand Weapons
 a - a +1 falchion (weapon)
Armour
 e - a +0 scale mail (worn)
Comestibles
 c - a ration


   Skills:
 + Level 6.4 Fighting
 + Level 0.1 Short Blades
 + Level 4.4 Long Blades
 + Level 0.1 Axes
 + Level 0.1 Maces & Flails
 + Level 0.1 Polearms
 + Level 0.1 Staves
 + Level 0.1 Slings
 + Level 0.1 Bows
 + Level 0.1 Crossbows
 + Level 0.1 Throwing
 + Level 4.4 Armour
 + Level 2.4 Dodging
 + Level 0.1 Stealth
 + Level 0.1 Shields
 + Level 0.1 Unarmed Combat
 + Level 0.1 Spellcasting
 + Level 0.1 Conjurations
 + Level 0.1 Hexes
 + Level 0.1 Charms
 + Level 0.1 Summonings
 + Level 0.1 Necromancy
 + Level 0.1 Translocations
 + Level 0.1 Transmutations
 + Level 0.1 Fire Magic
 + Level 0.1 Ice Magic
 + Level 0.1 Air Magic
 + Level 0.1 Earth Magic
 + Level 0.1 Poison Magic
 + Level 4.4 Invocations
 + Level 0.1 Evocations


You couldn't memorise any spells.
You didn't know any spells.
Your spell library was empty.

Dungeon Overview and Level Annotations

Branches:
Dungeon (0/15)

Altars:


Innate Abilities, Weirdness & Mutations

Your experience applies equally to all skills.
You have very sharp teeth.
Your uncanny sense of smell can sniff out nearby items.


Message History

Your magical contamination has completely faded away.
You start removing your armour.
You continue taking off your +0 leather armour. x4
You finish taking off your +0 leather armour.
You start putting on your armour.
You continue putting on your scale mail. x3
HP restored.
You continue putting on your scale mail. x2
You finish putting on your +0 scale mail.
Drop what? 5/52 slots (_ for help) (? for menu, Esc to quit)
You drop a +0 leather armour.
An efreet comes into view. It is wielding a scimitar of flaming.
You aren't carrying any scrolls.
Okay, then.
A red film seems to cover your vision as you go berserk!
You feel yourself moving faster!
You feel mighty! The efreet gestures at you. The bolt of fire hits you!
Ouch! That really hurt!
You die...

#.. .## # #
..##.#.#
#.##
#......##
#.#.# #..
### ...##.#
# .#.# ..
.... # .. .
# ##ยง# ##
.#.## ##.R#
#....
.#.#.#.#
....
.#.##.#.@.#
##.. .
.##[.## #..
.#...####
##
..####..###
. . #.#.#.
### . #
#...## ## #
# ###


You could see an efreet.

Vanquished Creatures
  An ufetubus (Abyss:1)
1 creature vanquished.

Notes
Turn   | Place    | Note
-------+----------+-------------------------------------------
     0 | Abyss:1  | Rrauwl the Gnoll Abyssal Knight began the quest for the Orb.
     0 | Abyss:1  | Reached XP level 1. HP: 23/23 MP: 3/3
    93 | Abyss:1  | Noticed a neqoxec
   108 | Abyss:1  | Noticed a worldbinder
   161 | Abyss:1  | Noticed an efreet
   163 | Abyss:1  | Killed from afar by an efreet

Vault maps used:
Abyss:1:  evilmike_abyss_exit_12

Action                   || total
-------------------------++-------
Melee: Falchion          ||     3
       Bite              ||     1
  Use: Potion            ||     2
       Scroll            ||     1
Armor: Leather armour    ||     1
Dodge: Dodged            ||     7
       Rpst.: Falchion   ||     1

Table legend:
 A = Spawn XP
 B = Non-spawn XP
 C = Spawn XP percentage of total XP
 D = Spawn monster count
 E = Non-spawn monster count
 F = Spawn count percentage of total count
 G = Total turns spent on level
                    A         B        C        D         E        F      G
               +---------+---------+-------+---------+---------+-------+---------
         Total |       0 |       8 |   0.0 |       0 |       1 |   0.0 |   163
               +---------+---------+-------+---------+---------+-------+---------
       Abyss:1 |       0 |       8 |   0.0 |       0 |       1 |   0.0 |   163
               +---------+---------+-------+---------+---------+-------+---------
